 Dungeon Crawl Stone Soup version 0.29.1 (webtiles) character file.

Game seed: 9529907251028194672

2141 xian the Cleaver (level 9, -5/67 (70) HPs)
             Began as a Hill Orc Chaos Knight on Sept 13, 2022.
             Was a Plaything of Xom.
             Killed by divine providence
             ... invoked by an orc priest
              (16 damage)
             ... on level 7 of the Dungeon.
             The game lasted 00:17:49 (6472 turns).

xian the Cleaver (Hill Orc Chaos Knight)            Turns: 6472, Time: 00:17:49

HP:   -5/67 (70)    AC:  9    Str: 19    XL:     9   Next: 30%
MP:   18/18         EV:  8    Int: 12    God:    Xom [*.....]
Gold: 228           SH: 13    Dex: 10    Spells: 8/8 levels left

rFire   . . .      SeeInvis .   z - +9 mace "Ethruerph" {venom, *Slow rC+ Will+++ MP+9}
rCold   + . .      Faith    .   o - +0 tower shield
rNeg    . . .      Spirit   .   b - +2 leather armour
rPois   .          Reflect  .   (no helmet)
rElec   .          Harm     .   (no cloak)
rCorr   .          Rampage  .   (no gloves)
Will    +++..                   (no boots)
Stlth   ++........              (no amulet)
HPRegen 0.21/turn               j - +4 ring of protection
MPRegen 0.16/turn               g - ring of flight

@: flying, studying Ice Magic, lightly drained, unable to read
A: frail 1, inability to read after injury 1
a: Renounce Religion, Convert to Beogh


You were on level 7 of the Dungeon.
You worshipped Xom.
You were a special plaything of Xom.
You visited 1 branch of the dungeon, and saw 7 of its levels.

You collected 317 gold pieces.
You spent 89 gold pieces at shops.

Inventory:

Hand Weapons
 a - a +1 hand axe of chaos
 z - the +9 mace "Ethruerph" (weapon) {venom, *Slow rC+ Will+++ MP+9}
   (You found it on level 5 of the Dungeon)

   It poisons the flesh of those it strikes.
   rC:        It protects you from cold.
   MP:        It affects your magic capacity (+9).
   *Slow:     It may slow you when you take damage.
   Will:      It greatly increases your willpower.
Missiles
 h - 7 boomerangs
 k - 8 poisoned darts (quivered)
 y - 4 javelins
Armour
 b - a +2 leather armour (worn)
 o - a +0 tower shield (worn)
Jewellery
 g - a ring of flight (right hand)
 j - a +4 ring of protection (left hand)
 t - a ring of resist corrosion
Wands
 s - a wand of paralysis (6)
 w - a wand of flame (13)
 F - a wand of acid (9)
Scrolls
 d - a scroll of immolation
 e - a scroll of torment
 m - a scroll of enchant armour
 p - 4 scrolls of teleportation
 r - 4 scrolls of amnesia
 x - a scroll of brand weapon {unknown}
 C - a scroll of poison
Potions
 f - 3 potions of mutation {unknown}
 i - 2 potions of berserk rage
 l - 4 potions of cancellation {unknown}
 n - 2 potions of haste
 q - 2 potions of invisibility {unknown}
 u - 3 potions of curing
 v - 2 potions of lignification {unknown}
 A - a potion of flight {unknown}
 D - a potion of might
 E - a potion of brilliance {unknown}
Miscellaneous
 c - a piece from Xom's chessboard (15/15)


   Skills:
 + Level 6.5 Fighting
 + Level 8.7(9.0) Axes
 + Level 2.5(5.2) Maces & Flails
 + Level 2.6 Throwing
 + Level 4.3 Armour
 + Level 2.8 Dodging
 + Level 3.6 Stealth
 + Level 5.6 Shields
 + Level 0.1 Evocations


You had 8 spell levels left.
You didn't know any spells.
Your spell library contained the following spells:

 Spells                   Type           Power      Damage    Failure   Level
 Confusing Touch          Hex            0%         N/A       100%        3
 Frozen Ramparts          Ice            0%         1d1       100%        3
 Gell's Gravitas          Tloc           0%         N/A       100%        3
 Lesser Beckoning         Tloc           0%         N/A       100%        3
 Teleport Other           Tloc           0%         N/A       100%        3
 Ice Form                 Ice/Tmut       0%         N/A       100%        4
 Summon Ice Beast         Ice/Summ       0%         N/A       100%        4
 Yara's Violent Unravell  Hex/Tmut       0%         3d3       100%        5
 Enfeeble                 Hex            0%         N/A       100%        7


Dungeon Overview and Level Annotations

Branches:
Dungeon (7/15)             Temple (0/1) D:4

Altars:
Cheibriados
Kikubaaqudgha
Xom
Yredelemnul

Shops:
D:4 [   D:5 *[

Annotations:
D:4 Armor shop
D:5 Unique armor


Innate Abilities, Weirdness & Mutations

You are frail. (-10% HP)
You occasionally lose the ability to read scrolls when taking damage.


Message History

* * * LOW HITPOINT WARNING * * *
You can't go up here!
Unknown command.
You block the ufetubus's attack. The ufetubus hits you.
* * * LOW HITPOINT WARNING * * *
The ynoxinul gestures.
You block the ufetubus's attack. The ufetubus hits you.
* * * LOW HITPOINT WARNING * * *
You fly downwards.
The orc shouts!
You hear a shout! x2
There is a stone staircase leading up here.
Aiming: Corrosive Bolt
Press: ? - help, Shift-Dir - straight line, f - orc priest
Aim: an orc priest, wielding a +0 short sword (wandering, hasn't noticed you, 71% to hit)
The bolt of acid hits the orc priest!
The acid corrodes the orc priest!
The orc priest is severely wounded.
The orc priest shouts!
The orc shouts!
A wight comes into view. It is wielding a +0 war axe.
The orc priest calls down the wrath of Beogh upon you.
Beogh smites you!
You feel threatened and lose the ability to read scrolls!
* * * LOW HITPOINT WARNING * * *
A wight comes into view. It is wielding a +0 hand axe.
The orc barely misses you.
The wight moves out of view.
You sock the orc!
You kill the orc!
An orc wizard comes into view. It is wielding a +0 dagger.
You can read scrolls again.
There is a stone staircase leading up here.
You feel better. "Hum-dee-hum-dee-hum..."
The orc evaporates and reforms as an adder!
You are now a special plaything of Xom.
An orc comes into view. It is wielding a +0 hand axe.
A wight comes into view. It is wielding a +0 great sword.
The orc priest mumbles some strange prayers to Beogh against you.
Beogh smites you!
You feel threatened and lose the ability to read scrolls!
You die...
Xom roars with laughter!

###......#
...z....# .
..o.....#.#
o........
#z.....#
#z.....#
#.)..# #So#
#@.# ##.#
###


You could see 3 wights, an orc priest (corroded), an orc wizard (wandering), an
adder and an orc.

Vanquished Creatures
  A mana viper (shapeshifter) (D:5)
  A wraith (D:6)
  Edmund (D:4)
  Duvessa (D:4)
  A black bear (D:4)
  An ogre (D:5)
  A phantom (D:6)
  A scorpion (D:6)
  A necrophage (D:4)
  2 wights (D:5)
  Dowan (D:4)
  A jelly (D:6)
  3 orc priests
  A gnoll bouda (D:6)
  4 hounds
  4 iguanas
  2 orc wizards
  A gnoll (D:5)
  7 adders
  An ufetubus (D:4)
  5 worms
  7 dart slugs
  23 orcs
  3 bats
  4 endoplasms
  4 giant cockroaches
  9 goblins
  8 hobgoblins
  4 jackals (D:3)
  7 kobolds
  2 quokkas (D:3)
  8 ball pythons
  2 frilled lizards (D:2)
  3 rats
125 creatures vanquished.

Vanquished Creatures (collateral kills)
  Grinder (D:4)
  An endoplasm (D:1)
  A hobgoblin (D:4)
3 creatures vanquished.

Vanquished Creatures (others)
  A kobold zombie (D:1)
  An orc zombie (D:3)
  30 plants (D:6)
32 creatures vanquished.

Grand Total: 160 creatures vanquished

Notes
Turn   | Place    | Note
-------+----------+-------------------------------------------
     0 | D:1      | xian the Hill Orc Chaos Knight began the quest for the Orb.
     0 | D:1      | Reached XP level 1. HP: 19/19 MP: 1/1
   178 | D:1      | XOM: silly message
   353 | D:1      | Reached XP level 2. HP: 8/27 MP: 2/2
   580 | D:1      | XOM: silly message
   622 | D:1      | XOM: divination: magic mapping
   683 | D:1      | XOM: silly message
   728 | D:1      | XOM: divination: magic mapping
   825 | D:1      | XOM: 2-stop teleportation journey
  1068 | D:1      | XOM: silly message
  1079 | D:1      | Reached XP level 3. HP: 34/34 MP: 3/3
  1343 | D:2      | Found a faded altar of an unknown god.
  1541 | D:2      | Reached skill level 1 in Shields
  1728 | D:2      | Reached XP level 4. HP: 40/41 MP: 4/4
  1813 | D:2      | Reached skill level 1 in Dodging
  1864 | D:2      | XOM: divination: magic mapping
  1910 | D:3      | XOM: divination: detect items
  1919 | D:3      | Reached skill level 5 in Axes
  2022 | D:3      | XOM: silly message
  2028 | D:3      | XOM: divination: magic mapping
  2120 | D:3      | XOM: give mutations
  2120 | D:3      | Gained mutation: Your system is resistant to poisons.
                  | (rPois) [Xom's grace]
  2120 | D:3      | Gained mutation: You have supernaturally acute eyesight.
                  | (SInv) [Xom's grace]
  2495 | D:3      | Reached XP level 5. HP: 40/47 MP: 5/5
  2517 | D:3      | XOM: noise
  2769 | D:4      | Noticed Duvessa
  2769 | D:4      | Noticed Dowan
  2771 | D:4      | XOM: cast spell 'Summon Hydra'
  2780 | D:4      | Killed Dowan
  2786 | D:4      | Killed Duvessa
  2787 | D:4      | Reached skill level 6 in Axes
  2787 | D:4      | Reached XP level 6. HP: 22/55 MP: 6/6
  2877 | D:4      | XOM: 1-stop teleportation journey
  3057 | D:4      | XOM: potion effect (invisibility)
  3069 | D:4      | Reached skill level 5 in Fighting
  3173 | D:4      | XOM: enchant monster (bad)
  3194 | D:4      | Noticed Edmund
  3204 | D:4      | XOM: enchant monster (good)
  3217 | D:4      | Killed Edmund
  3218 | D:4      | Reached skill level 7 in Axes
  3218 | D:4      | Reached skill level 1 in Stealth
  3218 | D:4      | Reached XP level 7. HP: 38/61 MP: 7/7
  3382 | D:4      | Noticed Grinder
  3382 | D:4      | XOM: cast spell 'Summon Cactus Giant'
  3390 | D:4      | Killed Grinder
  3391 | D:4      | Reached skill level 1 in Throwing
  3410 | D:4      | Found Xecinut's Armour Boutique.
  3749 | D:4      | XOM: scenery: summon butterflies
  3767 | D:4      | XOM: 2-stop teleportation journey
  3977 | D:4      | Found a staircase to the Ecumenical Temple.
  3982 | D:4      | Reached XP level 8. HP: 69/69 MP: 8/8
  4105 | D:5      | Entered Level 5 of the Dungeon
  4447 | D:5      | Found Kom Ariq's Armour Shop.
  4447 | D:5      | XOM: 9-stop teleportation journey
  4517 | D:5      | XOM: god gift: wand of paralysis (6)
  4607 | D:5      | XOM: cloud trail
  4671 | D:5      | Noticed a glowing shapeshifter
  4671 | D:5      | an iguana changed into a glowing shapeshifter
  4671 | D:5      | Noticed a mana viper
  4671 | D:5      | a glowing shapeshifter changed into a mana viper
  4683 | D:5      | Killed a mana viper
  4684 | D:5      | Reached skill level 8 in Axes
  5035 | D:5      | Found Cusal's Assorted Antiques.
  5036 | D:5      | XOM: snakes to sticks
  5049 | D:5      | XOM: scenery: create altars
  5068 | D:5      | Identified the +9 mace "Ethruerph" {venom, *Slow rC+
                  | Will+++ MP+9}
  5073 | D:5      | Bought a red potion for 27 gold pieces
  5073 | D:5      | Bought a scroll labelled NOIFELEBIO for 31 gold pieces
  5073 | D:5      | Bought a scroll labelled OLELEDGH VEEL for 31 gold pieces
  5239 | D:6      | Found an ancient bone altar of Kikubaaqudgha.
  5290 | D:6      | Found a basalt altar of Yredelemnul.
  5291 | D:6      | Found a shimmering altar of Xom.
  5291 | D:6      | Noticed a wraith
  5298 | D:6      | Killed a wraith
  5299 | D:6      | Reached XP level 9. HP: 61/75 MP: 9/9
  5371 | D:6      | Found a snail-covered altar of Cheibriados.
  5460 | D:6      | Reached skill level 5 in Shields
  5464 | D:6      | Found the +7 staff of the Meek {protect, meekguard}
  5467 | D:6      | Reached skill level 1 in Maces & Flails
  5662 | D:6      | XOM: 2-stop teleportation journey
  6045 | D:6      | XOM: scenery: create altars
  6077 | D:6      | XOM: give mutations
  6077 | D:6      | Lost mutation: You have supernaturally acute eyesight.
                  | (SInv) [Xom's mischief]
  6077 | D:6      | Gained mutation: You are frail. (-10% HP) [Xom's mischief]
  6077 | D:6      | Lost mutation: Your system is resistant to poisons. (rPois)
                  | [Xom's mischief]
  6077 | D:6      | Gained mutation: You occasionally lose the ability to read
                  | scrolls when taking damage. [Xom's mischief]
  6094 | D:6      | XOM: enchant monster (bad)
  6109 | D:6      | HP: 3/69 [wight/+0 battleaxe (8)]
  6109 | D:6      | HP: 1/67 [wight/+0 battleaxe (2)]
  6436 | D:6      | XOM: summons 5 hostile demons
  6472 | D:7      | XOM: polymorph orc -> adder
  6472 | D:7      | Killed from afar by an orc priest

Illustrated notes

Levels and vault maps discovered:
D:1:      lightli_arrival_maybe_door_vault, layout_basic
D:2:      layout_rooms, ebering_ecumenical_altar_hall
D:3:      layout_basic
D:4:      layout_basic, minmay_temple_entry_proselytizer, serial_shops,
          nicolae_shop_window_shopping, st_stairs_6, uniq_edmund, uniq_duvessa,
          uniq_grinder
D:5:      layout_loops_cross, serial_shops, nicolae_shop_hallway_plus,
          hangedman_decor_opposing, kennysheep_small_circle
D:6:      kennysheep_housing_project, layout_loops_ring, cheibriados_altar_1,
          grunt_temple_overflow_open, pf_guarded_unrand_meek
D:7:      layout_basic, gammafunk_temple_overflow_wave

Skill      XL: |  1  2  3  4  5  6  7  8  9 |
---------------+----------------------------+-----
Fighting       | 4 5 6 |  6.5
Shields        | 1 2 3 4 5 |  5.6
Dodging        | 1 2 |  2.8
Axes           | 5 6 7 8 |  8.7
Armour         | 3 4 |  4.3
Stealth        | 1 3 |  3.6
Throwing       | 1 2 |  2.6
Maces & Flails | 2 |  2.5
Evocations     | |  0.1

Action                   |  1- 3 |  4- 6 |  7- 9 || total
-------------------------+-------+-------+-------++-------
Melee: Hand axe          |   127 |   117 |    89 ||   333
       Mace              |       |       |   132 ||   132
Throw: Dart              |     3 |    11 |    17 ||    31
Evoke: Piece from Xom's  |       |       |     1 ||     1
       Wand              |       |       |     1 ||     1
  Use: Scroll            |       |     7 |     7 ||    14
       Potion            |       |     4 |     3 ||     7
 Stab: Distracted        |       |     1 |     1 ||     2
       Paralysed         |       |     4 |     5 ||     9
       Invisible         |       |     1 |       ||     1
       Sleeping          |       |       |     3 ||     3
Armor: Leather armour    |    47 |    47 |    84 ||   178
Dodge: Dodged            |    53 |    24 |    84 ||   161
Block: Tower shield      |    31 |    84 |   170 ||   285
